3264 views
Uploaded 2020-03-17 14:24:55
Game version 1.32.2
23:21 long 4on4 ladder game on (8)TwilightRuins_LV
Saved by TALONSARIMBA
3264 views
Uploaded 2020-03-17 14:24:55
Game version 1.32.2
23:21 long 4on4 ladder game on (8)TwilightRuins_LV


175 units @ 27.4k
/ 3.5k
81 buildings @ 9.2k
/ 3.8k

| Moonstone | 3 | 150 |
| Lesser Clarity Potion | 3 | 210 |
| Potion of Healing | 2 | 300 |
| Potion of Mana | 4 | 800 |
| Orb of Venom | 1 | 325 |
| Scroll of Town Portal | 7 | 2450 |
| Circlet of Nobility | 1 | 175 |
| Scroll of Regeneration | 1 | 100 |
| Sentry Wards | 1 | 150 |
| total: | 23 | 4660g |
| Wisp | 20 | 1200 | / | 0 |
| Archer | 19 | 2470 | / | 190 |
| Hippogryph | 9 | 1440 | / | 180 |
| Goblin Shredder | 2 | 750 | / | 200 |
| total: | 50 | 5860g | / | 570w |
| Altar of Elders | 1 | 180 | / | 50 |
| Moon Well | 6 | 1080 | / | 240 |
| Ancient of War | 1 | 150 | / | 60 |
| Tree of Life | 1 | 340 | / | 185 |
| Ancient of Wonders | 1 | 90 | / | 30 |
| Hunter's Hall | 4 | 840 | / | 400 |
| Ancient of Wind | 2 | 300 | / | 280 |
| Tree of Ages | 2 | 640 | / | 360 |
| Tree of Eternity | 1 | 330 | / | 200 |
| total: | 16 | 2980g | / | 1245w |
| 0:03 | Wisp |
| 0:06 | Altar of Elders |
| 0:15 | Moon Well |
| 0:17 | Wisp |
| 0:17 | Wisp |
| 0:17 | Wisp |
| 0:17 | Wisp |
| 0:37 | Ancient of War |
| 0:51 | Wisp |
| 1:09 | Moon Well |
| 1:15 | Wisp |
| 1:28 | Wisp |
| 1:32 | Wisp |
| 1:42 | Archer |
| 1:42 | Archer |
| 1:45 | Wisp |
| 2:00 | Wisp |
| 2:03 | Archer |
| 2:03 | Archer |
| 2:28 | Archer |
| 2:42 | Fan of Knives |
| 2:48 | Tree of Ages |
| 3:27 | Tree of Life |
| 3:31 | Archer |
| 3:31 | Archer |
| 3:41 | Blink |
| 3:52 | Archer |
| 3:53 | Ancient of Wonders |
| 4:08 | Moon Well |
| 4:23 | Archer |
| 5:11 | Fan of Knives |
| 5:13 | Ancient of Wind |
| 5:15 | Ancient of Wind |
| 5:17 | Moon Well |
| 5:20 | Improved Bows |
| 5:30 | Wisp |
| 5:30 | Wisp |
| 5:30 | Wisp |
| 6:00 | Goblin Shredder |
| 6:00 | Goblin Shredder |
| 6:06 | Wisp |
| 6:24 | Hippogryph |
| 6:33 | Moon Well |
| 6:56 | Hippogryph |
| 7:42 | Blink |
| 7:50 | Hippogryph |
| 8:08 | Hippogryph |
| 8:09 | Archer |
| 8:10 | Wisp |
| 8:10 | Wisp |
| 8:19 | Moonstone |
| 8:21 | Scroll of Town Portal |
| 9:48 | Archer |
| 9:49 | Tree of Eternity |
| 10:13 | Hunter's Hall |
| 10:14 | Hunter's Hall |
| 10:35 | Fan of Knives |
| 10:59 | Moon Well |
| 11:00 | Hunter's Hall |
| 11:08 | Hunter's Hall |
| 11:32 | Moonstone |
| 11:32 | Lesser Clarity Potion |
| 11:36 | Scroll of Town Portal |
| 11:42 | Nature's Blessing |
| 11:45 | Wisp |
| 11:46 | Wisp |
| 11:54 | Sentry Wards |
| 12:55 | Scroll of Town Portal |
| 12:56 | Circlet of Nobility |
| 13:01 | Hippogryph |
| 13:02 | Archer |
| 13:02 | Archer |
| 13:03 | Marksmanship |
| 13:15 | Well Spring |
| 13:15 | Strength of the Wild |
| 13:16 | Strength of the Moon |
| 13:16 | Moon Armor |
| 13:19 | Ultravision |
| 13:20 | Lesser Clarity Potion |
| 13:21 | Potion of Healing |
| 13:25 | Moonstone |
| 13:27 | Potion of Mana |
| 13:34 | Scroll of Town Portal |
| 14:44 | Wisp |
| 15:08 | Spirit of Vengeance |
| 16:05 | Potion of Healing |
| 16:16 | Potion of Mana |
| 16:20 | Scroll of Regeneration |
| 16:31 | Potion of Mana |
| 16:56 | Scroll of Town Portal |
| 17:06 | Blink |
| 17:30 | Orb of Venom |
| 17:33 | Scroll of Town Portal |
| 19:08 | Hippogryph |
| 19:08 | Hippogryph |
| 19:08 | Hippogryph |
| 19:08 | Hippogryph |
| 19:09 | Archer |
| 19:09 | Archer |
| 19:10 | Archer |
| 19:10 | Archer |
| 19:24 | Improved Strength of the Moon |
| 19:30 | Improved Moon Armor |
| 19:30 | Advanced Moon Armor |
| 21:05 | Archer |
| 21:05 | Archer |
| 21:25 | Lesser Clarity Potion |
| 21:26 | Potion of Mana |
| 21:27 | Scroll of Town Portal |
| Right click | 1407 |
| Select | 387 |
| Select group | 362 |
| Build/train/purchase | 226 |
| Chat | 177 |
| Use ability | 77 |
| Assign group | 45 |
| Resource trade | 19 |
| Misc. action | 18 |
| Minimap ping | 15 |
| Remove unit | 8 |
| Item give/drop | 7 |
| Esc | 2 |


| Scroll of Regeneration | 3 | 300 |
| Lesser Clarity Potion | 1 | 70 |
| Orb of Fire | 1 | 325 |
| Potion of Healing | 1 | 150 |
| Scroll of Town Portal | 5 | 1750 |
| Boots of Speed | 2 | 500 |
| Periapt of Vitality | 2 | 650 |
| Scroll of Protection | 1 | 150 |
| total: | 16 | 3895g |
| Peasant | 19 | 1425 | / | 0 |
| Rifleman | 14 | 2870 | / | 420 |
| Footman | 1 | 135 | / | 0 |
| Knight | 4 | 980 | / | 240 |
| total: | 38 | 5410g | / | 660w |
| Scout Tower | 12 | 360 | / | 240 |
| Guard Tower | 3 | 210 | / | 150 |
| Altar of Kings | 1 | 180 | / | 50 |
| Farm | 8 | 640 | / | 160 |
| Blacksmith | 1 | 140 | / | 60 |
| Barracks | 2 | 320 | / | 120 |
| Arcane Vault | 2 | 260 | / | 60 |
| Town Hall | 1 | 385 | / | 205 |
| Lumber Mill | 1 | 120 | / | 0 |
| Keep | 1 | 320 | / | 210 |
| Castle | 1 | 360 | / | 210 |
| total: | 28 | 2405g | / | 895w |
| 0:03 | Peasant |
| 0:03 | Peasant |
| 0:13 | Altar of Kings |
| 0:17 | Farm |
| 0:18 | Peasant |
| 0:32 | Peasant |
| 0:39 | Peasant |
| 0:52 | Blacksmith |
| 0:54 | Peasant |
| 1:19 | Barracks |
| 1:34 | Farm |
| 1:47 | Farm |
| 1:51 | Peasant |
| 2:10 | Arcane Vault |
| 2:23 | Farm |
| 2:24 | Rifleman |
| 2:27 | Storm Bolt |
| 2:39 | Rifleman |
| 3:07 | Footman |
| 3:10 | Rifleman |
| 3:24 | Rifleman |
| 3:37 | Peasant |
| 3:37 | Peasant |
| 4:24 | Bash |
| 4:25 | Rifleman |
| 4:39 | Town Hall |
| 4:45 | Peasant |
| 5:07 | Peasant |
| 5:11 | Lumber Mill |
| 6:00 | Rifleman |
| 6:02 | Peasant |
| 6:19 | Rifleman |
| 6:28 | Peasant |
| 7:05 | Rifleman |
| 7:17 | Rifleman |
| 7:19 | Storm Bolt |
| 7:29 | Rifleman |
| 7:36 | Keep |
| 7:38 | Barracks |
| 7:41 | Farm |
| 7:41 | Farm |
| 7:43 | Black Gunpowder |
| 7:55 | Scroll of Regeneration |
| 7:55 | Lesser Clarity Potion |
| 8:09 | Improved Masonry |
| 8:27 | Rifleman |
| 8:56 | Rifleman |
| 9:02 | Farm |
| 9:02 | Farm |
| 9:03 | Rifleman |
| 9:49 | Studded Leather Armor |
| 9:58 | Long Rifles |
| 10:01 | Scroll of Town Portal |
| 10:16 | Improved Lumber Harvesting |
| 10:19 | Peasant |
| 10:33 | Arcane Vault |
| 11:08 | Castle |
| 11:21 | Advanced Masonry |
| 11:22 | Rifleman |
| 11:27 | Holy Light |
| 11:41 | Boots of Speed |
| 11:42 | Periapt of Vitality |
| 11:48 | Scout Tower |
| 11:48 | Scout Tower |
| 11:49 | Scout Tower |
| 11:49 | Scout Tower |
| 11:50 | Scout Tower |
| 11:50 | Scout Tower |
| 13:05 | Scroll of Town Portal |
| 13:07 | Scroll of Protection |
| 13:21 | Boots of Speed |
| 13:22 | Periapt of Vitality |
| 13:31 | Refined Gunpowder |
| 13:31 | Reinforced Leather Armor |
| 13:36 | Guard Tower |
| 13:39 | Imbued Masonry |
| 14:26 | Bash |
| 15:08 | Sundering Blades |
| 15:08 | Animal War Training |
| 15:09 | Knight |
| 15:11 | Scroll of Town Portal |
| 15:13 | Scroll of Regeneration |
| 15:16 | Orb of Fire |
| 15:23 | Guard Tower |
| 15:35 | Knight |
| 15:41 | Knight |
| 16:13 | Divine Shield |
| 16:27 | Potion of Healing |
| 16:39 | Scroll of Town Portal |
| 16:45 | Knight |
| 17:05 | Scroll of Regeneration |
| 19:34 | Scroll of Town Portal |
| 21:24 | Peasant |
| 21:24 | Peasant |
| 21:25 | Peasant |
| 22:04 | Scout Tower |
| 22:05 | Scout Tower |
| 22:06 | Scout Tower |
| 22:06 | Scout Tower |
| 22:06 | Scout Tower |
| 22:07 | Scout Tower |
| 22:15 | Peasant |
| 22:15 | Peasant |
| Right click | 1279 |
| Select group | 467 |
| Select | 285 |
| Build/train/purchase | 87 |
| Misc. action | 39 |
| Assign group | 37 |
| Use ability | 31 |
| Chat | 17 |
| Minimap ping | 2 |
| Item give/drop | 1 |
| Remove unit | 1 |


| Scroll of Regeneration | 3 | 300 |
| Lesser Clarity Potion | 2 | 140 |
| Potion of Mana | 1 | 200 |
| Potion of Healing | 1 | 150 |
| Orb of Fire | 1 | 325 |
| Scroll of Town Portal | 3 | 1050 |
| total: | 11 | 2165g |
| Peasant | 8 | 600 | / | 0 |
| Rifleman | 21 | 4305 | / | 630 |
| Mortar Team | 3 | 540 | / | 210 |
| Siege Engine | 3 | 585 | / | 180 |
| Flying Machine | 1 | 100 | / | 30 |
| Goblin Shredder | 1 | 375 | / | 100 |
| Giant Sea Turtle | 1 | 295 | / | 35 |
| Makrura Deepseer | 1 | 500 | / | 100 |
| Makrura Snapper | 1 | 315 | / | 0 |
| Mur'gul Snarecaster | 2 | 430 | / | 40 |
| total: | 42 | 8045g | / | 1325w |
| Altar of Kings | 1 | 180 | / | 50 |
| Farm | 9 | 720 | / | 180 |
| Barracks | 1 | 160 | / | 60 |
| Blacksmith | 1 | 140 | / | 60 |
| Arcane Vault | 1 | 130 | / | 30 |
| Town Hall | 1 | 385 | / | 205 |
| Workshop | 2 | 280 | / | 280 |
| Keep | 1 | 320 | / | 210 |
| Castle | 1 | 360 | / | 210 |
| total: | 16 | 1995g | / | 865w |
| 0:03 | Peasant |
| 0:04 | Peasant |
| 0:04 | Peasant |
| 0:04 | Peasant |
| 0:40 | Altar of Kings |
| 0:43 | Farm |
| 0:47 | Barracks |
| 0:51 | Peasant |
| 1:19 | Peasant |
| 1:19 | Peasant |
| 1:30 | Blacksmith |
| 1:34 | Farm |
| 1:41 | Peasant |
| 2:08 | Farm |
| 2:22 | Rifleman |
| 2:52 | Rifleman |
| 3:04 | Storm Bolt |
| 3:11 | Rifleman |
| 3:15 | Farm |
| 3:18 | Arcane Vault |
| 3:33 | Black Gunpowder |
| 3:44 | Rifleman |
| 3:53 | Farm |
| 4:51 | Thunder Clap |
| 4:58 | Rifleman |
| 5:04 | Town Hall |
| 5:09 | Scroll of Regeneration |
| 5:12 | Lesser Clarity Potion |
| 6:00 | Storm Bolt |
| 6:05 | Goblin Shredder |
| 6:24 | Rifleman |
| 6:25 | Keep |
| 6:27 | Studded Leather Armor |
| 7:07 | Farm |
| 7:48 | Rifleman |
| 7:49 | Rifleman |
| 8:05 | Giant Sea Turtle |
| 8:21 | Makrura Deepseer |
| 8:40 | Makrura Snapper |
| 8:51 | Mur'gul Snarecaster |
| 8:51 | Mur'gul Snarecaster |
| 9:21 | Thunder Clap |
| 9:29 | Long Rifles |
| 9:29 | Rifleman |
| 9:36 | Farm |
| 9:48 | Workshop |
| 9:50 | Workshop |
| 9:52 | Iron Plating |
| 10:51 | Siphon Mana |
| 11:14 | Rifleman |
| 11:14 | Rifleman |
| 11:18 | Castle |
| 11:20 | Refined Gunpowder |
| 11:20 | Steel Plating |
| 11:40 | Scroll of Town Portal |
| 12:36 | Mortar Team |
| 12:38 | Rifleman |
| 13:16 | Rifleman |
| 13:28 | Potion of Mana |
| 13:32 | Scroll of Regeneration |
| 13:35 | Scroll of Town Portal |
| 13:42 | Siege Engine |
| 13:50 | Farm |
| 13:53 | Farm |
| 15:03 | Siege Engine |
| 15:09 | Rifleman |
| 15:15 | Scroll of Regeneration |
| 15:18 | Potion of Healing |
| 15:23 | Scroll of Town Portal |
| 15:24 | Orb of Fire |
| 16:16 | Flame Strike |
| 16:39 | Rifleman |
| 17:10 | Rifleman |
| 17:13 | Flying Machine |
| 18:11 | Rifleman |
| 18:14 | Mortar Team |
| 18:35 | Lesser Clarity Potion |
| 19:08 | Mortar Team |
| 19:11 | Rifleman |
| 19:11 | Rifleman |
| 19:11 | Rifleman |
| 19:36 | Barrage |
| 19:38 | Siege Engine |
| 20:50 | Rifleman |
| Right click | 803 |
| Select group | 334 |
| Select | 263 |
| Misc. action | 111 |
| Build/train/purchase | 95 |
| Chat | 70 |
| Assign group | 29 |
| Use ability | 28 |
| Resource trade | 15 |
| Item give/drop | 4 |
| Minimap ping | 1 |

| Scroll of Regeneration | 4 | 400 |
| Lesser Clarity Potion | 2 | 140 |
| Scroll of Town Portal | 5 | 1750 |
| Boots of Speed | 1 | 250 |
| Potion of Greater Healing | 1 | 400 |
| total: | 13 | 2940g |
| Peasant | 11 | 825 | / | 0 |
| Footman | 16 | 2160 | / | 0 |
| Gryphon Rider | 10 | 2800 | / | 700 |
| Giant Sea Turtle | 7 | 2065 | / | 245 |
| Mur'gul Snarecaster | 1 | 215 | / | 20 |
| total: | 45 | 8065g | / | 965w |
| Scout Tower | 6 | 180 | / | 120 |
| Arcane Tower | 5 | 350 | / | 250 |
| Guard Tower | 2 | 140 | / | 100 |
| Altar of Kings | 1 | 180 | / | 50 |
| Barracks | 1 | 160 | / | 60 |
| Farm | 8 | 640 | / | 160 |
| Arcane Vault | 1 | 130 | / | 30 |
| Blacksmith | 1 | 140 | / | 60 |
| Lumber Mill | 1 | 120 | / | 0 |
| Gryphon Aviary | 2 | 280 | / | 300 |
| Keep | 1 | 320 | / | 210 |
| Castle | 1 | 360 | / | 210 |
| total: | 21 | 1830g | / | 780w |
| 0:03 | Peasant |
| 0:07 | Altar of Kings |
| 0:16 | Peasant |
| 0:20 | Barracks |
| 0:35 | Farm |
| 0:39 | Peasant |
| 0:43 | Peasant |
| 0:56 | Farm |
| 1:00 | Peasant |
| 1:23 | Footman |
| 1:25 | Peasant |
| 1:39 | Scout Tower |
| 1:42 | Peasant |
| 1:47 | Farm |
| 1:58 | Footman |
| 2:12 | Arcane Tower |
| 2:18 | Holy Light |
| 2:27 | Arcane Vault |
| 2:40 | Footman |
| 2:41 | Footman |
| 2:44 | Peasant |
| 3:13 | Giant Sea Turtle |
| 3:14 | Giant Sea Turtle |
| 3:14 | Giant Sea Turtle |
| 3:21 | Peasant |
| 3:38 | Farm |
| 4:25 | Devotion Aura |
| 4:40 | Footman |
| 4:40 | Footman |
| 4:40 | Footman |
| 5:05 | Footman |
| 5:05 | Footman |
| 5:37 | Scout Tower |
| 5:49 | Holy Light |
| 6:07 | Arcane Tower |
| 6:08 | Keep |
| 6:11 | Farm |
| 6:15 | Scout Tower |
| 6:19 | Footman |
| 6:20 | Footman |
| 6:34 | Blacksmith |
| 6:40 | Lumber Mill |
| 7:32 | Arcane Tower |
| 7:33 | Arcane Tower |
| 7:36 | Footman |
| 7:36 | Footman |
| 7:37 | Footman |
| 7:44 | Farm |
| 7:57 | Scroll of Regeneration |
| 8:48 | Scout Tower |
| 8:49 | Peasant |
| 8:50 | Peasant |
| 8:51 | Improved Lumber Harvesting |
| 9:03 | Farm |
| 9:10 | Giant Sea Turtle |
| 9:11 | Mur'gul Snarecaster |
| 9:42 | Guard Tower |
| 9:44 | Scout Tower |
| 9:52 | Castle |
| 10:07 | Gryphon Aviary |
| 10:18 | Arcane Tower |
| 10:35 | Gryphon Aviary |
| 10:53 | Footman |
| 10:53 | Footman |
| 11:01 | Iron Forged Swords |
| 11:06 | Devotion Aura |
| 11:39 | Potion of Greater Healing |
| 12:15 | Gryphon Rider |
| 12:24 | Holy Light |
| 12:56 | Gryphon Rider |
| 13:15 | Scout Tower |
| 13:20 | Scroll of Town Portal |
| 13:26 | Steel Forged Swords |
| 14:54 | Gryphon Rider |
| 14:56 | Guard Tower |
| 15:07 | Farm |
| 15:10 | Scroll of Regeneration |
| 15:14 | Lesser Clarity Potion |
| 15:40 | Scroll of Town Portal |
| 16:04 | Giant Sea Turtle |
| 16:04 | Giant Sea Turtle |
| 16:04 | Giant Sea Turtle |
| 16:38 | Gryphon Rider |
| 16:45 | Scroll of Regeneration |
| 17:09 | Gryphon Rider |
| 17:30 | Lesser Clarity Potion |
| 17:31 | Scroll of Regeneration |
| 17:52 | Gryphon Rider |
| 17:52 | Gryphon Rider |
| 18:26 | Gryphon Rider |
| 18:49 | Gryphon Rider |
| 19:18 | Scroll of Town Portal |
| 19:25 | Studded Leather Armor |
| 19:51 | Boots of Speed |
| 20:23 | Gryphon Rider |
| 20:24 | Storm Hammers |
| 20:58 | Scroll of Town Portal |
| 20:58 | Scroll of Town Portal |
| Right click | 975 |
| Select | 326 |
| Build/train/purchase | 99 |
| Chat | 55 |
| Use ability | 39 |
| Assign group | 8 |
| Select group | 4 |
| Item give/drop | 3 |
145 units @ 23.4k
/ 3.3k
61 buildings @ 10.2k
/ 4.3k

| Healing Salve | 6 | 600 |
| Scroll of Speed | 1 | 50 |
| Orb of Lightning | 1 | 375 |
| Scroll of Town Portal | 1 | 350 |
| total: | 9 | 1375g |
| Peon | 8 | 600 | / | 0 |
| Grunt | 6 | 1200 | / | 0 |
| Spirit Walker | 4 | 780 | / | 140 |
| Tauren | 7 | 1960 | / | 560 |
| total: | 25 | 4540g | / | 700w |
| Orc Burrow | 9 | 1440 | / | 360 |
| Barracks | 1 | 180 | / | 50 |
| Altar of Storms | 1 | 180 | / | 50 |
| Voodoo Lounge | 1 | 130 | / | 30 |
| War Mill | 1 | 205 | / | 0 |
| Great Hall | 1 | 385 | / | 185 |
| Tauren Totem | 2 | 270 | / | 310 |
| Stronghold | 1 | 315 | / | 190 |
| Fortress | 1 | 325 | / | 190 |
| total: | 16 | 2790g | / | 985w |
| 0:05 | Peon |
| 0:05 | Peon |
| 0:22 | Orc Burrow |
| 0:40 | Barracks |
| 0:40 | Peon |
| 0:40 | Peon |
| 0:59 | Peon |
| 1:12 | Altar of Storms |
| 1:17 | Peon |
| 1:23 | Peon |
| 1:31 | Orc Burrow |
| 1:40 | Grunt |
| 1:40 | Grunt |
| 2:01 | Voodoo Lounge |
| 2:12 | Grunt |
| 2:53 | Howl of Terror |
| 2:56 | Stronghold |
| 3:03 | Grunt |
| 3:31 | Orc Burrow |
| 3:37 | Healing Salve |
| 3:39 | Scroll of Speed |
| 4:00 | Grunt |
| 4:42 | Cleaving Attack |
| 5:10 | Grunt |
| 5:21 | Fortress |
| 5:24 | Healing Salve |
| 5:31 | Tauren Totem |
| 5:33 | Tauren Totem |
| 5:50 | Orc Burrow |
| 6:10 | Howl of Terror |
| 6:19 | Berserker Strength |
| 6:21 | War Mill |
| 7:13 | Spirit Walker |
| 7:43 | Healing Salve |
| 7:47 | Orb of Lightning |
| 7:58 | Spirit Walker Adept Training |
| 7:58 | Pulverize |
| 8:30 | Cleaving Attack |
| 8:36 | Great Hall |
| 8:37 | Peon |
| 9:03 | Spirit Walker Master Training |
| 9:26 | Tauren |
| 9:59 | Orc Burrow |
| 10:01 | Tauren |
| 10:34 | Reinforced Defenses |
| 10:58 | Healing Salve |
| 11:12 | Tauren |
| 11:15 | Orc Burrow |
| 11:43 | Steel Melee Weapons |
| 12:07 | Spirit Walker |
| 12:09 | Tauren |
| 12:23 | Cleaving Attack |
| 12:49 | Tauren |
| 12:57 | Orc Burrow |
| 13:32 | Spirit Walker |
| 14:48 | Doom |
| 15:27 | Tauren |
| 15:30 | Spirit Walker |
| 15:32 | Steel Armor |
| 17:16 | Thorium Melee Weapons |
| 17:16 | Thorium Armor |
| 18:22 | Tauren |
| 18:53 | Healing Salve |
| 18:59 | Healing Salve |
| 19:07 | Scroll of Town Portal |
| 19:21 | Arcanite Melee Weapons |
| 20:57 | Arcanite Armor |
| 22:00 | Howl of Terror |
| 22:17 | Orc Burrow |
| 22:17 | Orc Burrow |
| 23:14 | Rain of Fire |
| Select group | 1816 |
| Right click | 1392 |
| Select | 198 |
| Chat | 164 |
| Build/train/purchase | 126 |
| Use ability | 50 |
| Misc. action | 34 |
| Assign group | 30 |
| Item give/drop | 5 |
| Minimap ping | 4 |
| Remove unit | 1 |


| Healing Salve | 4 | 400 |
| Orb of Lightning | 1 | 375 |
| total: | 5 | 775g |
| Peon | 7 | 525 | / | 0 |
| Grunt | 12 | 2400 | / | 0 |
| Shaman | 15 | 1950 | / | 300 |
| Troll Headhunter | 1 | 140 | / | 20 |
| Demolisher | 3 | 660 | / | 150 |
| total: | 38 | 5675g | / | 470w |
| Altar of Storms | 1 | 180 | / | 50 |
| Orc Burrow | 6 | 960 | / | 240 |
| Barracks | 1 | 180 | / | 50 |
| Voodoo Lounge | 1 | 130 | / | 30 |
| War Mill | 1 | 205 | / | 0 |
| Spirit Lodge | 2 | 300 | / | 300 |
| Beastiary | 1 | 145 | / | 140 |
| Stronghold | 1 | 315 | / | 190 |
| Fortress | 1 | 325 | / | 190 |
| total: | 13 | 2100g | / | 810w |
| 0:02 | Peon |
| 0:02 | Peon |
| 0:12 | Altar of Storms |
| 0:17 | Orc Burrow |
| 0:19 | Orc Burrow |
| 0:21 | Peon |
| 0:43 | Peon |
| 0:52 | Barracks |
| 0:57 | Peon |
| 1:06 | Peon |
| 1:27 | Peon |
| 1:36 | Orc Burrow |
| 1:53 | Grunt |
| 2:03 | Voodoo Lounge |
| 2:20 | Critical Strike |
| 2:28 | Grunt |
| 2:41 | Grunt |
| 3:08 | Orc Burrow |
| 3:39 | Grunt |
| 3:42 | Stronghold |
| 3:49 | Wind Walk |
| 4:03 | War Mill |
| 4:06 | Healing Salve |
| 4:29 | Orc Burrow |
| 5:08 | Grunt |
| 5:34 | Steel Melee Weapons |
| 5:51 | Healing Salve |
| 5:51 | Healing Salve |
| 6:12 | Steel Armor |
| 6:42 | Thorium Melee Weapons |
| 6:47 | Spirit Lodge |
| 7:13 | Critical Strike |
| 7:16 | Serpent Ward |
| 7:33 | Grunt |
| 7:34 | Grunt |
| 8:53 | Fortress |
| 8:54 | Shaman Adept Training |
| 9:48 | Grunt |
| 9:50 | Shaman |
| 9:50 | Shaman |
| 9:53 | Spirit Lodge |
| 9:55 | Thorium Armor |
| 10:29 | Shaman |
| 10:32 | Shaman |
| 10:33 | Grunt |
| 10:33 | Grunt |
| 11:01 | Hex |
| 11:08 | Shaman |
| 11:08 | Shaman |
| 11:12 | Orc Burrow |
| 11:15 | Shaman Master Training |
| 11:17 | Shaman |
| 11:17 | Shaman |
| 12:46 | Shaman |
| 12:46 | Shaman |
| 12:47 | Grunt |
| 12:47 | Grunt |
| 13:02 | Orb of Lightning |
| 13:03 | Healing Salve |
| 13:27 | Shaman |
| 13:30 | Troll Headhunter |
| 14:08 | Wind Walk |
| 14:47 | Serpent Ward |
| 15:16 | Shaman |
| 15:17 | Shaman |
| 15:17 | Shaman |
| 16:31 | Critical Strike |
| 16:39 | Hex |
| 17:34 | Demolisher |
| 17:34 | Demolisher |
| 17:35 | Demolisher |
| 19:33 | Burning Oil |
| 19:40 | Beastiary |
| 19:41 | Arcanite Melee Weapons |
| 19:43 | Shaman |
| 21:21 | Ensnare |
| 21:24 | Wind Walk |
| 22:31 | Serpent Ward |
| Right click | 994 |
| Select | 340 |
| Misc. action | 222 |
| Build/train/purchase | 89 |
| Use ability | 67 |
| Assign group | 45 |
| Select group | 7 |
| Resource trade | 7 |
| Chat | 6 |
| Item give/drop | 4 |
| Esc | 3 |
| Minimap ping | 1 |


| Rod of Necromancy | 2 | 300 |
| Potion of Healing | 1 | 150 |
| Scroll of Town Portal | 1 | 350 |
| total: | 4 | 800g |
| Acolyte | 7 | 525 | / | 0 |
| Ghoul | 3 | 360 | / | 0 |
| Crypt Fiend | 18 | 3870 | / | 720 |
| Frost Wyrm | 4 | 1540 | / | 480 |
| total: | 32 | 6295g | / | 1200w |
| Nerubian Tower | 1 | 100 | / | 20 |
| Spirit Tower | 1 | 145 | / | 40 |
| Crypt | 1 | 200 | / | 50 |
| Graveyard | 1 | 215 | / | 0 |
| Ziggurat | 9 | 1350 | / | 450 |
| Tomb of Relics | 1 | 130 | / | 30 |
| Altar of Darkness | 1 | 180 | / | 50 |
| Necropolis | 1 | 225 | / | 0 |
| Sacrificial Pit | 1 | 75 | / | 150 |
| Boneyard | 3 | 525 | / | 600 |
| Halls of the Dead | 1 | 320 | / | 210 |
| Black Citadel | 1 | 325 | / | 230 |
| total: | 18 | 2900g | / | 1330w |
| 0:07 | Acolyte |
| 0:08 | Acolyte |
| 0:25 | Crypt |
| 0:32 | Graveyard |
| 0:41 | Ziggurat |
| 1:02 | Tomb of Relics |
| 1:35 | Ghoul |
| 1:38 | Ziggurat |
| 1:43 | Altar of Darkness |
| 2:07 | Crypt Fiend |
| 2:31 | Crypt Fiend |
| 2:43 | Nerubian Tower |
| 3:06 | Crypt Fiend |
| 3:35 | Crypt Fiend |
| 3:38 | Ziggurat |
| 3:48 | Death Coil |
| 3:52 | Rod of Necromancy |
| 4:32 | Halls of the Dead |
| 4:47 | Crypt Fiend |
| 5:20 | Unholy Aura |
| 5:22 | Crypt Fiend |
| 5:44 | Crypt Fiend |
| 6:14 | Crypt Fiend |
| 6:21 | Rod of Necromancy |
| 6:34 | Ziggurat |
| 6:35 | Ziggurat |
| 7:15 | Crypt Fiend |
| 7:15 | Burrow |
| 7:39 | Death Coil |
| 8:41 | Web |
| 9:13 | Crypt Fiend |
| 9:25 | Frost Nova |
| 9:42 | Crypt Fiend |
| 9:51 | Creature Attack |
| 10:15 | Crypt Fiend |
| 10:48 | Ghoul |
| 10:50 | Ghoul |
| 11:34 | Black Citadel |
| 11:47 | Frost Armor |
| 12:50 | Spirit Tower |
| 12:52 | Crypt Fiend |
| 12:52 | Crypt Fiend |
| 12:56 | Sacrificial Pit |
| 13:09 | Scroll of Town Portal |
| 13:11 | Potion of Healing |
| 13:33 | Crypt Fiend |
| 13:39 | Creature Carapace |
| 13:59 | Boneyard |
| 14:00 | Boneyard |
| 14:22 | Boneyard |
| 14:59 | Unholy Aura |
| 15:08 | Crypt Fiend |
| 15:16 | Improved Creature Carapace |
| 16:22 | Frost Nova |
| 16:30 | Frost Armor |
| 16:52 | Frost Wyrm |
| 16:55 | Improved Creature Attack |
| 17:22 | Crypt Fiend |
| 17:35 | Acolyte |
| 17:56 | Frost Wyrm |
| 18:28 | Frost Wyrm |
| 19:26 | Necropolis |
| 19:31 | Crypt Fiend |
| 19:41 | Advanced Creature Attack |
| 21:15 | Acolyte |
| 21:15 | Acolyte |
| 21:15 | Acolyte |
| 21:15 | Acolyte |
| 21:16 | Ziggurat |
| 21:17 | Ziggurat |
| 21:18 | Ziggurat |
| 21:19 | Ziggurat |
| 21:41 | Frost Nova |
| 22:08 | Death Coil |
| 22:44 | Frost Wyrm |
| 23:17 | Advanced Creature Carapace |
| Right click | 966 |
| Select group | 406 |
| Chat | 300 |
| Select | 227 |
| Misc. action | 138 |
| Assign group | 79 |
| Build/train/purchase | 79 |
| Use ability | 36 |
| Minimap ping | 25 |
| Item give/drop | 2 |
| Esc | 2 |


| Healing Salve | 3 | 300 |
| Lesser Clarity Potion | 5 | 350 |
| Orb of Lightning | 1 | 375 |
| Tiny Great Hall | 1 | 600 |
| Scroll of Town Portal | 4 | 1400 |
| Scroll of Healing | 1 | 250 |
| Orb of Corruption | 1 | 375 |
| total: | 16 | 3650g |
| Peon | 23 | 1725 | / | 0 |
| Troll Headhunter | 10 | 1400 | / | 200 |
| Wind Rider | 8 | 2120 | / | 320 |
| Troll Batrider | 6 | 960 | / | 240 |
| Raider | 2 | 360 | / | 80 |
| Goblin Shredder | 1 | 375 | / | 100 |
| total: | 50 | 6940g | / | 940w |
| Altar of Storms | 1 | 180 | / | 50 |
| Orc Burrow | 4 | 640 | / | 160 |
| War Mill | 1 | 205 | / | 0 |
| Barracks | 1 | 180 | / | 50 |
| Voodoo Lounge | 1 | 130 | / | 30 |
| Great Hall | 1 | 385 | / | 185 |
| Beastiary | 5 | 725 | / | 700 |
| Stronghold | 2 | 630 | / | 380 |
| Fortress | 1 | 325 | / | 190 |
| total: | 14 | 2445g | / | 1175w |
| 0:07 | Altar of Storms |
| 0:09 | Orc Burrow |
| 0:10 | Peon |
| 0:26 | War Mill |
| 0:37 | Peon |
| 1:07 | Barracks |
| 1:13 | Peon |
| 1:28 | Peon |
| 1:46 | Peon |
| 1:56 | Orc Burrow |
| 2:03 | Peon |
| 2:13 | Troll Headhunter |
| 2:24 | Voodoo Lounge |
| 2:36 | Troll Headhunter |
| 2:36 | Troll Headhunter |
| 2:40 | War Stomp |
| 2:50 | Troll Headhunter |
| 3:08 | Troll Headhunter |
| 3:34 | Healing Salve |
| 3:38 | Troll Headhunter |
| 3:44 | Peon |
| 4:05 | Stronghold |
| 4:43 | Great Hall |
| 4:56 | Endurance Aura |
| 5:08 | Troll Headhunter |
| 5:24 | Orc Burrow |
| 5:39 | Healing Salve |
| 6:26 | Troll Headhunter |
| 6:29 | War Stomp |
| 6:38 | Fortress |
| 7:16 | Troll Headhunter |
| 7:42 | Troll Headhunter |
| 7:53 | Scroll of Town Portal |
| 7:53 | Lesser Clarity Potion |
| 7:59 | Hex |
| 8:01 | Healing Salve |
| 8:15 | Peon |
| 8:15 | Peon |
| 8:15 | Peon |
| 8:16 | Peon |
| 9:20 | Beastiary |
| 9:22 | Beastiary |
| 9:55 | Steel Ranged Weapons |
| 9:58 | Lesser Clarity Potion |
| 10:00 | Orb of Lightning |
| 10:16 | Peon |
| 10:33 | Wind Rider |
| 11:15 | Envenomed Spears |
| 11:28 | Peon |
| 11:31 | Orc Burrow |
| 11:32 | Reinforced Defenses |
| 12:00 | Wind Rider |
| 12:08 | Beastiary |
| 12:21 | Healing Wave |
| 12:31 | Endurance Aura |
| 13:04 | Troll Batrider |
| 13:25 | Wind Rider |
| 13:31 | Goblin Shredder |
| 13:35 | Thorium Ranged Weapons |
| 13:55 | Troll Batrider |
| 14:35 | Troll Batrider |
| 14:38 | Scroll of Town Portal |
| 14:58 | Troll Batrider |
| 15:33 | Troll Batrider |
| 15:44 | Lesser Clarity Potion |
| 15:46 | Lesser Clarity Potion |
| 15:49 | Hex |
| 15:51 | Tiny Great Hall |
| 15:56 | Liquid Fire |
| 16:17 | Wind Rider |
| 16:26 | Wind Rider |
| 16:29 | Wind Rider |
| 16:48 | Peon |
| 16:49 | Peon |
| 16:49 | Peon |
| 16:49 | Peon |
| 16:49 | Peon |
| 16:53 | Steel Armor |
| 17:21 | Raider |
| 17:32 | Beastiary |
| 17:33 | Beastiary |
| 18:38 | Wind Rider |
| 18:48 | War Stomp |
| 19:06 | Scroll of Town Portal |
| 19:06 | Scroll of Healing |
| 19:19 | Orb of Corruption |
| 19:27 | Raider |
| 20:51 | Wind Rider |
| 21:06 | Healing Wave |
| 21:24 | Lesser Clarity Potion |
| 21:26 | Scroll of Town Portal |
| 21:27 | Peon |
| 21:28 | Peon |
| 21:28 | Peon |
| 21:28 | Peon |
| 21:28 | Peon |
| 22:10 | Troll Batrider |
| Right click | 1862 |
| Select | 700 |
| Select group | 688 |
| Misc. action | 205 |
| Chat | 168 |
| Build/train/purchase | 125 |
| Use ability | 53 |
| Assign group | 35 |
| Minimap ping | 10 |
| Esc | 4 |
| Item give/drop | 2 |
⇛